 Dungeon Crawl Stone Soup version 0.26-a0-639-g72c4674329 (webtiles) character file.

Game seed: 10932033147123238715

203454 HunterMK the Severer (level 17, -4/172 HPs)
             Began as a Deep Dwarf Fighter on Sept 17, 2020.
             Was the Champion of Makhleb.
             Slain by a golden dragon simulacrum (46 damage)
             ... in an ice cave.
             The game lasted 00:52:49 (22391 turns).

HunterMK the Severer (Deep Dwarf Fighter)          Turns: 22391, Time: 00:52:49

Health: -4/172     AC: 36    Str: 25    XL:     17   Next: 98%
Magic:  11/11      EV:  8    Int: 10    God:    Makhleb [******]
Gold:   1412       SH:  5    Dex: 13    Spells: 16/16 levels left

rFire    + + .     SeeInvis .   K - +6 battleaxe (freeze)
rCold    . . .     Faith    .   (shield currently unavailable)
rNeg     + + .     Spirit   .   X - +6 crystal plate armour
rPois    +         Reflect  +   (no helmet)
rElec    .         Harm     .   Z - +2 cloak {rPois}
rCorr    .         Rampage  .   (no gloves)
MR       ++...                  J - +1 pair of boots
Stlth    ..........             C - amulet "Ywybiti" {Reflect Fragile rPois rF+ SH+5}
HPRegen  0.00/turn              F - ring of protection from fire
MPRegen  0.12/turn              M - ring of positive energy

@: non-regenerating
A: damage resistance, heal wounds, negative energy resistance 1, sense
surroundings 2, no regeneration
}: 1/15 runes: serpentine
a: Heal Wounds, Minor Destruction, Lesser Servant of Makhleb, Major Destruction,
Greater Servant of Makhleb, Renounce Religion


You were in an ice cave.
You worshipped Makhleb.
Makhleb was exalted by your worship.
You visited 6 branches of the dungeon, and saw 30 of its levels.
You also visited: Ice Cave.

You collected 3090 gold pieces.
You spent 1678 gold pieces at shops.

Inventory:

Hand Weapons
 G - a +1 hand axe of flaming
 K - a +6 battleaxe of freezing (weapon)
Armour
 J - a +1 pair of boots (worn)
 X - a +6 crystal plate armour (worn)
 Z - a +2 cloak of poison resistance (worn)
Jewellery
 g - an uncursed ring of protection from fire
 j - a +6 ring of strength
 n - an uncursed ring of flight
 z - an uncursed ring of positive energy
 C - the amulet "Ywybiti" (around neck) {Reflect Fragile rPois rF+ SH+5}
   (You found it on level 7 of the Dungeon)

   [amulet of reflection]

   It shields you and reflects attacks.
   It protects you from fire.
   It protects you from poison.
   It will be destroyed if unequipped.
   It affects your SH (+5).
 F - a ring of protection from fire (left hand)
 M - a ring of positive energy (right hand)
 N - an uncursed ring of positive energy
Wands
 b - a wand of enslavement (17)
 o - a wand of iceblast (17)
 q - a wand of random effects (17)
 A - a wand of disintegration (17)
 I - a wand of digging (21)
 P - a wand of acid (10)
Scrolls
 a - 2 scrolls of amnesia
 e - 6 scrolls of teleportation
 h - 2 scrolls of silence
 p - 5 scrolls of fear
 r - 20 scrolls of remove curse
 s - 2 scrolls of enchant armour
 t - a scroll of acquirement
 u - 3 scrolls of fog
 w - a scroll of enchant weapon
 y - 10 scrolls of magic mapping
 E - 4 scrolls of summoning
 L - 8 scrolls of identify
 O - 3 scrolls of brand weapon
 Q - 2 scrolls of blinking
Potions
 c - 3 potions of lignification {unknown}
 d - 3 potions of might
 f - 6 potions of cancellation {unknown}
 i - 19 potions of curing
 k - 7 potions of heal wounds
 l - 5 potions of haste
 m - 4 potions of flight
 v - a potion of brilliance
 x - 3 potions of magic
 B - 2 potions of ambrosia {unknown}
 S - 2 potions of invisibility
 Y - 3 potions of stabbing {unknown}


   Skills:
 + Level 16.2 Fighting
 - Level 20.0 Axes
 + Level 15.9 Armour
 * Level 6.0 Dodging
   Level 3.2 Shields
 * Level 15.4 Invocations


You had 16 spell levels left.
You didn't know any spells.
Your spell library contained the following spells:

 Spells                   Type           Power        Failure   Level
 Freeze                   Ice            #...         100%        1
 Magic Dart               Conj           #...         100%        1
 Sandblast                Erth           #.....       100%        1
 Blink                    Tloc           N/A          100%        2
 Call Imp                 Summ           #.......     100%        2
 Passwall                 Tmut/Erth      #.......     100%        2
 Slow                     Hex            #.......     100%        2
 Confusing Touch          Hex            #.......     100%        3
 Conjure Flame            Conj/Fire      #.......     100%        3
 Frozen Ramparts          Ice            #.....       100%        3
 Gell's Gravitas          Tloc           #.........   100%        3
 Mephitic Cloud           Conj/Pois/Air  #.......     100%        3
 Ozocubu's Armour         Ice            #.......     100%        3
 Fulminant Prism          Conj/Hex       #.........   100%        4
 Hailstorm                Conj/Ice       #.......     100%        4
 Petrify                  Tmut/Erth      #.......     100%        4
 Summon Ice Beast         Ice/Summ       #.......     100%        4
 Bolt of Magma            Conj/Fire/Erth #.........   100%        5
 Iskenderun's Battlesphe  Conj           #.......     100%        5
 Metabolic Englaciation   Hex/Ice        #.........   100%        5
 Summon Mana Viper        Hex/Summ       #.......     100%        5
 Yara's Violent Unravell  Hex/Tmut       #.........   100%        5
 Iron Shot                Conj/Erth      #.........   100%        6
 Statue Form              Tmut/Erth      #........    100%        6
 Orb of Destruction       Conj           #.........   100%        7
 Spellforged Servitor     Conj/Summ      #.........   100%        7


Dungeon Overview and Level Annotations

Branches:
Dungeon (15/15)            Temple (1/1) D:7            Lair (6/6) D:8
 Shoals (2/4) Lair:3        Snake (4/4) Lair:4        Slime (0/5) Lair:6
    Orc (2/2) D:12            Elf (0/3) Orc:2        Vaults (0/5) D:14
 Depths (0/5) D:15          IceCv (1/1)

Altars:
Ashenzari
Cheibriados
Dithmenos
Elyvilon
Fedhas
Gozag
Hepliaklqana
Kikubaaqudgha
Makhleb
Nemelex Xobeh
Okawaru
Qazlal
Ru
Sif Muna
Trog
Uskayaw
Vehumet
Wu Jian
Xom
Yredelemnul
Zin
The Shining One
Beogh
Jiyva

Shops:
D:5 *   D:9 [   Orc:2 (!}!   Snake:1 ?**

Portals:
Abyss: Lair:2

Annotations:
D:14 3 runed translucent doors, Lanoc's ghost, journeyman GnTm
Lair:2 2 transporters, Pioss's ghost, journeyman DDFi


Innate Abilities, Weirdness & Mutations

You are resistant to damage.
You can heal yourself by infusing magical energy.
You resist negative energy. (rN+)
You passively map the area around you.
You do not regenerate.


Message History

You are too injured to fight recklessly!
You are too injured to fight recklessly!
You are too injured to fight recklessly!
You are too injured to fight recklessly!
You are too injured to fight recklessly!
You are too injured to fight recklessly!
You are too injured to fight recklessly!
You are too injured to fight recklessly!
The golden dragon simulacrum bites you but does no damage.
The golden dragon simulacrum claws you.
The golden dragon simulacrum freezes you!!!
* * * LOW HITPOINT WARNING * * *
The golden dragon simulacrum tramples you but does no damage.
You hit the golden dragon simulacrum.
The golden dragon simulacrum is moderately damaged.
You slash the golden dragon simulacrum!
The golden dragon simulacrum is heavily damaged.
The golden dragon simulacrum bites you.
The golden dragon simulacrum freezes you!!!
You die...

####### *** ** ##.....###
* + , , .........# , * * ,
........#### ,, , ,
........#4.# ###+#+#+#+# *
........#44+,#.Z@......#,
........########.8.8.8.#,
* ..........#............#
*,
....⌠.....'............+
,⌠ ^
..........#............#,*
........########.8.8.8.#
........# , * +.......# ,
........# *#+#+#+#+#
........#* ,


You could see a golden dragon simulacrum.

Vanquished Creatures
  Vashnia (Snake:4)
  Rupert (D:15)
  Gastronok (Lair:1)
  4 nagarajas
  Aizul (Snake:1)
  An orc warlord (Orc:2)
  Snorg (D:12)
  A fire dragon (Lair:6)
  Josephine (D:10)
  A yaktaur captain (D:14)
  Erolcha (D:11)
  7 hydras
  18 naga warriors
  A merfolk avatar (Shoals:1)
  4 anacondas
  4 centaur warriors
  7 two-headed ogres
  3 catoblepae
  4 death yaks
  5 orc high priests
  A tengu warrior (D:13)
  2 shock serpents
  Urug (D:13)
  24 naga sharpshooters
  15 skeletal warriors
  A sea snake (Shoals:1)
  An unseen horror (D:11)
  A golden dragon zombie (D:15)
  3 salamander mystics (Snake:4)
  A swamp dragon (Lair:6)
  A necromancer (D:15)
  A phantasmal warrior (D:15)
  Pikel (D:6)
  A shadow dragon zombie (D:15)
  6 naga ritualists
  5 orc knights
  A wolf spider (Lair:6)
  11 mana vipers
  3 orc sorcerers (Orc:2)
  11 ugly things
  8 salamanders
  2 manticores
  10 elephants
  A deep elf mage (D:12)
  3 cyclopes
  A stone giant zombie (D:15)
  42 black mambas
  4 guardian serpents
  29 naga magi
  2 ice statues (IceCv)
  2 gargoyles
  Psyche (D:11)
  12 cane toads
  2 yaktaurs (D:14)
  A yaktaur zombie (D:15)
  10 komodo dragons
  A komodo dragon (shapeshifter) (D:14)
  3 rime drakes
  A tengu conjurer (D:13)
  5 ice devils (IceCv)
  6 polar bears
  A merfolk (Shoals:1)
  9 slime creatures
  2 hornets (Lair:6)
  8 trolls
  8 hippogriffs
  Prince Ribbit (Lair:1)
  14 blink frogs
  A snapping turtle (Shoals:1)
  2 redbacks (Lair:6)
  4 water elementals
  5 wraiths
  12 wyverns
  A steam dragon (Lair:6)
  6 basilisks
  12 vampire mosquitoes
  58 yaks
  Grum (D:9)
  5 wargs (Orc:2)
  2 swamp worms (Lair:5)
  53 nagas
  A soldier ant (shapeshifter) (D:14)
  4 acid dragons
  23 water moccasins
  3 swamp drakes
  2 porcupines
  6 ice beasts
  A hornet zombie (D:13)
  45 orc warriors
  2 phantoms
  2 black bears
  4 sky beasts
  An eye of draining (D:13)
  4 necrophages
  5 wolves
  8 ogres
  18 centaurs
  14 crocodiles
  16 bullfrogs
  A gnoll sergeant (D:8)
  2 wyvern skeletons
  5 scorpions
  3 wights (D:9)
  10 killer bees
  6 howler monkeys
  7 electric eels
  2 centaur zombies
  7 hounds
  6 jellies
  A quasit (D:12)
  2 bullfrog zombies
  4 human zombies (D:9)
  32 orc wizards
  3 centaur skeletons
  6 bullfrog skeletons
  36 orc priests
  2 human skeletons (D:9)
  4 iguanas
  Natasha (thrice) (D:4)
  11 worker ants
  A centaur simulacrum (D:10)
  An ogre zombie (D:9)
  A hound zombie (D:8)
  2 hound skeletons
  A worker ant zombie (D:9)
  14 adders
  8 gnolls
  A hound simulacrum (D:10)
  A shadow imp (D:5)
  2 white imps
  A howler monkey simulacrum (D:10)
  4 ufetubi
  An ooze (D:1)
  2 adder zombies
  An adder skeleton (D:4)
  2 worms
  4 dart slugs (D:1)
  7 leopard geckos
  110 orcs
  6 giant cockroaches
  2 gnoll zombies (D:3)
  10 goblins
  6 hobgoblins
  6 jackals
  7 quokkas
  3 ball pythons
  6 bats
  5 frilled lizards
  13 kobolds
  2 orc zombies (D:9)
  A quokka zombie (D:8)
  8 rats
1060 creatures vanquished.

Vanquished Creatures (collateral kills)
  Nikola (Snake:1)
  2 nagarajas
  Donald (Snake:1)
  3 naga warriors
  5 naga sharpshooters (Snake:4)
  A shock serpent (Snake:1)
  3 naga ritualists (Snake:4)
  A guardian serpent (Snake:4)
  3 naga magi (Snake:4)
  A black mamba (Snake:4)
  5 nagas
26 creatures vanquished.

Vanquished Creatures (others)
  An anaconda (Snake:1)
  A black mamba (Snake:2)
  2 nagas (Snake:1)
  16 fungi
  52 plants
  A withered plant (D:15)
73 creatures vanquished.

Grand Total: 1159 creatures vanquished

Notes
Turn   | Place    | Note
-------+----------+-------------------------------------------
     0 | D:1      | HunterMK the Deep Dwarf Fighter began the quest for the
                  | Orb.
     0 | D:1      | Reached XP level 1. HP: 20/20 MP: 1/1
    75 | D:1      | Reached XP level 2. HP: 25/27 MP: 2/2
   291 | D:1      | Reached XP level 3. HP: 24/34 MP: 3/3
   398 | D:1      | Reached skill level 3 in Axes
   832 | D:2      | Reached XP level 4. HP: 28/42 MP: 4/4
   897 | D:2      | Reached skill level 4 in Axes
   934 | D:2      | Found a radiant altar of Vehumet.
  1418 | D:3      | Found an ornate altar of the Wu Jian Council.
  1692 | D:3      | Found a basalt altar of Yredelemnul.
  2102 | D:4      | Noticed Natasha
  2109 | D:4      | Killed Natasha
  2109 | D:4      | Reached XP level 5. HP: 44/49 MP: 5/5
  2130 | D:4      | Reached skill level 5 in Axes
  2133 | D:4      | Noticed Natasha
  2146 | D:4      | Killed Natasha
  2191 | D:4      | Reached XP level 6. HP: 42/56 MP: 6/6
  2259 | D:4      | Noticed Natasha
  2265 | D:4      | Killed Natasha
  2265 | D:4      | Reached skill level 6 in Axes
  2419 | D:5      | Entered Level 5 of the Dungeon
  2489 | D:5      | Noticed an ice beast
  2498 | D:5      | Killed an ice beast
  2498 | D:5      | Reached skill level 7 in Axes
  2590 | D:5      | Found Huderuit's Elemental Accessories.
  2638 | D:5      | Found an iron altar of Okawaru.
  2642 | D:5      | Reached XP level 7. HP: 46/63 MP: 7/7
  2922 | D:5      | Reached skill level 8 in Axes
  3030 | D:6      | Noticed Pikel
  3053 | D:6      | Killed Pikel
  3053 | D:6      | Reached skill level 9 in Axes
  3053 | D:6      | Reached skill level 5 in Armour
  3053 | D:6      | Reached XP level 8. HP: 39/73 MP: 8/8
  3231 | D:6      | Reached skill level 10 in Axes
  3588 | D:6      | Found a shattered altar of Ashenzari.
  3780 | D:7      | HP: 2/73 [killer bee (6)]
  3786 | D:7      | Reached skill level 11 in Axes
  3786 | D:7      | Gained mutation: You passively map the area around you.
                  | [Deep Dwarf growth]
  3786 | D:7      | Reached XP level 9. HP: 50/80 MP: 6/6
  3822 | D:7      | Reached skill level 5 in Fighting
  3833 | D:7      | Found a staircase to the Ecumenical Temple.
  3849 | Temple   | Entered the Ecumenical Temple
  3881 | Temple   | Became a worshipper of Makhleb the Destroyer
  4267 | D:7      | Found a white marble altar of Elyvilon.
  4521 | D:7      | Got a crude bronze amulet
  4560 | D:7      | Identified the amulet "Ywybiti" {Reflect Fragile rPois rF+
                  | SH+5} (You found it on level 7 of the Dungeon)
  4732 | D:8      | Found a blossoming altar of Fedhas.
  4801 | D:8      | Found a glowing golden altar of the Shining One.
  4895 | D:8      | Reached skill level 12 in Axes
  4897 | D:8      | Noticed a death yak
  4901 | D:8      | Noticed a death yak
  4901 | D:8      | Noticed a death yak
  4946 | D:8      | Killed a death yak
  4958 | D:8      | Killed a death yak
  4958 | D:8      | Reached XP level 10. HP: 58/91 MP: 5/5
  4960 | D:8      | Reached * piety under Makhleb
  4964 | D:8      | Killed a death yak
  4964 | D:8      | Reached skill level 13 in Axes
  4995 | D:8      | Found a staircase to the Lair.
  5402 | D:9      | Found Bihoikh's Armour Boutique.
  5524 | D:9      | Reached ** piety under Makhleb
  5559 | D:9      | Noticed Grum
  5580 | D:9      | Killed Grum
  5778 | D:9      | Reached skill level 14 in Axes
  5835 | D:9      | Found an ancient bone altar of Kikubaaqudgha.
  6014 | D:9      | Found a hide-covered altar of Uskayaw.
  6064 | D:10     | Entered Level 10 of the Dungeon
  6064 | D:10     | Noticed a gargoyle
  6075 | D:10     | Killed a gargoyle
  6076 | D:10     | Reached XP level 11. HP: 58/99 MP: 5/5
  6092 | D:10     | Reached *** piety under Makhleb
  6115 | D:10     | Noticed Josephine
  6126 | D:10     | Killed Josephine
  6127 | D:10     | Reached skill level 15 in Axes
  6340 | D:10     | Noticed a death yak
  6359 | D:10     | Killed a death yak
  6688 | D:10     | Found a sacrificial altar of Ru.
  6872 | D:11     | Noticed Erolcha
  6877 | D:11     | Killed Erolcha
  6877 | D:11     | Reached **** piety under Makhleb
  6877 | D:11     | Reached skill level 16 in Axes
  6923 | D:11     | Killed an unseen horror
  7021 | D:11     | Noticed a brown ugly thing
  7024 | D:11     | Reached skill level 1 in Invocations
  7025 | D:11     | Noticed a brown ugly thing
  7030 | D:11     | Killed a brown ugly thing
  7038 | D:11     | Killed a brown ugly thing
  7065 | D:11     | Reached XP level 12. HP: 92/109 MP: 5/5
  7084 | D:11     | Noticed a two-headed ogre
  7090 | D:11     | Killed a two-headed ogre
  7149 | D:11     | Noticed Psyche
  7155 | D:11     | Killed Psyche
  7616 | D:12     | Noticed Snorg
  7633 | D:12     | Killed Snorg
  7633 | D:12     | Reached skill level 17 in Axes
  7645 | D:12     | Reached ***** piety under Makhleb
  8166 | D:12     | Found a staircase to the Orcish Mines.
  8389 | Lair:1   | Entered Level 1 of the Lair of Beasts
  8601 | Lair:1   | Noticed Prince Ribbit
  8624 | Lair:1   | Killed Prince Ribbit
  8624 | Lair:1   | Reached skill level 18 in Axes
  8679 | Lair:1   | Noticed a four-headed hydra
  8686 | Lair:1   | Killed a one-headed hydra
  8809 | Lair:1   | Noticed Gastronok
  8823 | Lair:1   | Killed Gastronok
  8823 | Lair:1   | Reached skill level 5 in Invocations
  9170 | Lair:2   | Noticed a catoblepas
  9195 | Lair:2   | Reached XP level 13. HP: 77/118 MP: 8/8
  9201 | Lair:2   | Reached skill level 10 in Armour
  9627 | Lair:2   | Found a transporter.
  9631 | Lair:2   | Found a transporter.
  9703 | Lair:2   | Found a one-way gate to the infinite horrors of the Abyss.
  9704 | Lair:2   | Noticed Pioss's ghost (journeyman DDFi)
  9712 | Lair:2   | Identified the +1 trident "Killer Bee's Death" {distort,
                  | Dex+3}
 10007 | Lair:3   | Reached skill level 19 in Axes
 10065 | Lair:3   | Found a staircase to the Shoals.
 10301 | Lair:3   | Found an iron altar of Okawaru.
 10773 | Lair:4   | Found a staircase to the Snake Pit.
 10793 | Lair:4   | Reached ****** piety under Makhleb
 10838 | Lair:4   | Identified the Grimoire of Enthralling Clay
 12118 | Lair:6   | Entered Level 6 of the Lair of Beasts
 12291 | D:9      | Bought a +1 crystal plate armour for 1392 gold pieces
 12451 | Lair:6   | Gained mutation: You resist negative energy. (rN+) [Deep
                  | Dwarf growth]
 12451 | Lair:6   | Reached XP level 14. HP: 129/129 MP: 9/9
 12524 | Lair:6   | Reached skill level 20 in Axes
 12634 | Lair:6   | Reached skill level 10 in Fighting
 12754 | Lair:6   | Found a viscous altar of Jiyva.
 12754 | Lair:6   | Found a staircase to the Slime Pits.
 13985 | D:13     | Noticed Urug
 13992 | D:13     | Killed Urug
 13992 | D:13     | Reached skill level 10 in Invocations
 14248 | D:13     | Reached XP level 15. HP: 121/144 MP: 12/12
 14735 | D:14     | Found a runed translucent gate.
 14735 | D:14     | Found a runed translucent gate.
 14735 | D:14     | Found a runed translucent gate.
 14739 | D:14     | Noticed Lanoc's ghost (journeyman GnTm)
 14885 | D:14     | Found a gate to the Vaults.
 15294 | D:15     | Entered Level 15 of the Dungeon
 15337 | D:15     | Noticed Rupert
 15352 | D:15     | Killed Rupert
 15471 | D:15     | Found a staircase to the Depths.
 16115 | Orc:1    | Entered Level 1 of the Orcish Mines
 16196 | Orc:1    | Found a roughly hewn altar of Beogh.
 16374 | Orc:2    | Entered Level 2 of the Orcish Mines
 16779 | Orc:2    | Found a roughly hewn altar of Beogh.
 16873 | Orc:2    | Found Qyixoli's Distillery.
 16888 | Orc:2    | Found Emobboteunn's Gadget Shop.
 17095 | Orc:2    | Got a warped plate armour
 17096 | Orc:2    | Identified the cursed +0 plate armour "Segolo Paja" {Harm
                  | rPois MR+} (You found it on level 2 of the Orcish Mines)
 17104 | Orc:2    | Identified a scroll of acquirement
 17132 | Orc:2    | Noticed an orc warlord
 17161 | Orc:2    | Killed an orc warlord
 17163 | Orc:2    | Found a roughly hewn altar of Beogh.
 17237 | Orc:2    | Found Kuicuf's Distillery.
 17259 | Orc:2    | Bought a potion of curing for 39 gold pieces
 17259 | Orc:2    | Bought a potion of curing for 39 gold pieces
 17259 | Orc:2    | Bought a potion of heal wounds for 65 gold pieces
 17259 | Orc:2    | Bought 2 potions of curing for 78 gold pieces
 17259 | Orc:2    | Bought a potion of heal wounds for 65 gold pieces
 17342 | Orc:2    | Found Voohu's Weapon Emporium.
 17361 | Orc:2    | Reached XP level 16. HP: 158/158 MP: 14/14
 17782 | Orc:2    | Found a staircase to the Elven Halls.
 18205 | Snake:1  | Entered Level 1 of the Snake Pit
 18334 | Snake:1  | Noticed Aizul
 18356 | Snake:1  | Killed Aizul
 18491 | Snake:1  | Found Roufur's Magic Scroll Shop.
 18499 | Snake:1  | Noticed Nikola
 18522 | Snake:1  | Killed Nikola
 18653 | Snake:1  | Noticed Donald
 18667 | Snake:1  | Killed Donald
 18791 | Snake:1  | You fall into a shaft and drop 1 floor!
 18931 | Snake:1  | Found Qytad's General Store.
 18931 | Snake:1  | Found Vafraq's General Store.
 19677 | Snake:2  | Reached skill level 1 in Dodging
 20104 | Snake:2  | Reached skill level 15 in Fighting
 20735 | Snake:3  | Reached XP level 17. HP: 170/170 MP: 11/11
 21124 | Snake:4  | Entered Level 4 of the Snake Pit
 21133 | Snake:4  | Reached skill level 15 in Armour
 21495 | Snake:4  | Reached skill level 5 in Dodging
 21527 | Snake:4  | Got a distressingly furry helmet
 21621 | Snake:4  | Reached skill level 15 in Invocations
 21628 | Snake:4  | Identified the cursed -4 helmet "Azidd" {Rampage} (You
                  | found it on level 4 of the Snake Pit)
 21728 | Snake:4  | Noticed Vashnia
 21739 | Snake:4  | Killed Vashnia
 21778 | Snake:4  | Got a serpentine rune of Zot
 21888 | Snake:4  | Found a glowing silver altar of Zin.
 22116 | Shoals:1 | Entered Level 1 of the Shoals
 22248 | Shoals:2 | Found a frozen archway.
 22257 | IceCv    | Entered an ice cave
 22391 | IceCv    | Slain by a golden dragon simulacrum

Illustrated notes

Levels and vault maps discovered:
D:1:      evilmike_arrival_rings, layout_basic
D:2:      layout_basic, vehumet_crystals
D:3:      layout_basic, lemuel_zombie_altar_yredelemnul,
          nicolae_overflow_crystal_walls
D:4:      layout_rooms, uniq_natasha
D:5:      layout_loops_ring, okawaru_metal_pillars_1_2, nicolae_elemental_shop
D:6:      layout_loops_ring, lemuel_crystal_altar, hangedman_decor_slide_cut,
          uniq_pikel
D:7:      layout_basic, elyvilon_altar_4, minmay_temple_entry_stoned_glass,
          minmay_chambers_of_fives
D:8:      layout_rooms, old_standard_altar, dpeg_lair_monsters,
          hangedman_abyss_or_decor_slice, chequers_decorated_corner,
          fedhas_bush_and_centaur_altar
D:9:      layout_cave_pools, marbit_many_paths,
          lemuel_mausoleum_altar_kikubaaqudgha, serial_shops, shop, uniq_grum
D:10:     layout_roguey, serial_ice, serial_ice_f, serial_ice_d, serial_ice_a,
          serial_ice_l, serial_ice_o, serial_ice_h, serial_ice_c, serial_ice_e,
          nicolae_ru_path_of_blood, uniq_josephine
D:11:     minmay_goldmine, layout_long_grid, uniq_psyche, uniq_erolcha
D:12:     layout_long_grid, david_orc_2, hex_tiny, uniq_snorg
D:13:     layout_loops_ring, nrook_pool_corridor, uniq_urug
D:14:     layout_basic, david_vaults_2, ebering_ghost_rock_garden
D:15:     gammafunk_depths_entry_grave, layout_loops_ring,
          minmay_misc_feat_nine_boxes, lemuel_flamethrower_3, uniq_rupert
Temple:   minmay_temple_bridge_abc
Lair:1:   layout_hall_layers, grunt_forest_small_clearings, uniq_prince_ribbit2,
          uniq_gastronok
Lair:2:   layout_long_grid, gammafunk_ghost_abyssal_escape
Lair:3:   layout_roguey, elwin_shoals_entry_rocks, basic_altar, zaba_anthole,
          grunt_megastairs_4, lemuel_fruit_tree
Lair:4:   layout_cave_shapes, guppyfry_snake_entry_island, minivault_11
Lair:5:   onia_ninara_swampy_vault, layout_hall_layers, st_stairs_4
Lair:6:   hangedman_lair_tendril_chambers, layout_regular_city,
          guppyfry_lair_end_dragon, slime_altar_1,
          chequers_serial_rivers_micro_b
Shoals:1: cheibrodos_shoals_baths, layout_shoals
Shoals:2: layout_shoals, ebering_ghost_disaster_area, serial_shops,
          nicolae_shop_waterfront, portal_ice_cave_entry_pillars_three,
          uniq_louise
Snake:1:  layout_layer_cave, serial_shops, shop, minmay_shoptagon, uniq_nikola,
          uniq_aizul, uniq_donald
Snake:2:  layout_basic, grunt_megastairs_2
Snake:3:  layout_gridlike
Snake:4:  snake_pit, layout_misc_corridors, basic_altar, uniq_vashnia
Orc:1:    layout_diamond_mine, bh_open_orc_temple
Orc:2:    pubby_orc_utopia, serial_shops
IceCv:    ice_cave_tombish

Skill      XL: |  1  2  3  4  5  6  7  8  9 10 11 12 13 14 15 16 17 |
---------------+----------------------------------------------------+-----
Fighting       | 3 4 5 6 7 8 9 11 13 15 16 | 16.2
Axes           | 3 4 5 7 9 11 12 14 16 18 19 20 | 20.0
Armour         | 4 5 7 8 9 10 12 13 14 15 | 15.9
Invocations    | 1 5 7 10 12 13 15 | 15.4
Dodging        | 2 6 |  6.0
Shields        | |  3.2

Action                   |  1- 3 |  4- 6 |  7- 9 | 10-12 | 13-15 | 16-18 || total
-------------------------+-------+-------+-------+-------+-------+-------++-------
Melee: War axe           |   124 |   198 |   339 |   118 |       |       ||   779
       Battleaxe         |       |       |       |   423 |  1172 |   833 ||  2428
       Hand axe          |       |       |       |     4 |    48 |    26 ||    78
Invok: Greater Servant o |       |       |       |       |       |     6 ||     6
 Abil: Heal Wounds       |       |     4 |    24 |    18 |     6 |    17 ||    69
  Use: Scroll            |       |       |    18 |     2 |    18 |     2 ||    40
       Potion            |       |       |     2 |       |       |     2 ||     4
 Stab: Petrified         |       |       |       |     8 |     1 |       ||     9
       Petrifying        |       |       |       |     2 |       |       ||     2
       Distracted        |       |       |       |       |       |     4 ||     4
Armor: Scale mail        |    50 |    86 |   138 |   208 |    80 |       ||   562
       Crystal plate arm |       |       |       |       |   610 |   624 ||  1234
Dodge: Dodged            |    46 |    52 |   119 |   202 |   239 |   186 ||   844
Block: Kite shield       |    68 |   107 |   283 |    92 |       |       ||   550
       Reflection        |       |       |    14 |     6 |    12 |    20 ||    52
       Other             |       |       |       |   102 |   216 |   152 ||   470

Table legend: (Time is in decaauts)
 A = Elapsed time spent in this place.
 B = Non-inter-level travel time spent in this place.
 C = Inter-level travel time spent in this place.
 D = Time resting spent in this place.
 E = Time spent auto-exploring this place.
 F = Levels seen in this place.
 G = Mean time per level.
                   A        B        C        D        E       F      G
               +--------+--------+--------+--------+--------+-----+--------+
         Total |  21962 |  19935 |   2027 |      0 |  14451 |  31 |  708.5 |
       Dungeon |  11064 |  10120 |    944 |      0 |   7273 |  15 |  737.6 |
        Temple |     55 |     23 |     32 |      0 |     22 |   1 |   55.0 |
          Lair |   5106 |   4336 |    770 |      0 |   3269 |   6 |  851.0 |
        Shoals |    139 |    129 |     10 |      0 |     58 |   2 |   69.5 |
     Snake Pit |   3673 |   3499 |    174 |      0 |   2607 |   4 |  918.2 |
  Orcish Mines |   1814 |   1719 |     95 |      0 |   1188 |   2 |  907.0 |
      Ice Cave |    108 |    108 |      0 |      0 |     33 |   1 |  108.0 |
               +--------+--------+--------+--------+--------+-----+--------+

Top non-repeatable levels by time:
   Orc:2: 1375 daAuts
  Lair:6: 1205 daAuts
  Lair:1: 1058 daAuts
 Snake:2: 1054 daAuts
 Snake:1: 1000 daAuts
     D:7: 919 daAuts
  Lair:3: 891 daAuts
    D:13: 867 daAuts
     D:9: 863 daAuts
     D:8: 837 daAuts
    D:10: 825 daAuts
 Snake:4: 820 daAuts
    D:12: 809 daAuts
 Snake:3: 797 daAuts
    D:11: 769 daAuts
